 Dungeon Crawl Stone Soup version 0.27-a0-54-g64bdb92e38 (webtiles) character file.

Game seed: 11331857977260379310

451 Borgoz the Slasher (level 7, -6/58 HPs)
             Began as a Hill Orc Gladiator on Jan 7, 2021.
             Mangled by a troll (11 damage)
             ... on level 5 of the Dungeon.
             The game lasted 00:07:22 (5285 turns).

Borgoz the Slasher (Hill Orc Gladiator)             Turns: 5285, Time: 00:07:22

Health: -6/58      AC: 15    Str: 14 (17) XL:     7   Next: 4%
Magic:  8/8        EV:  7    Int:  5 (8)  God:
Gold:   269        SH:  0    Dex:  7 (14) Spells: 4/7 levels left

rFire    + . .     SeeInvis .   a - +0 long sword
rCold    . . .     Faith    .   (no shield)
rNeg     . . .     Spirit   .   w - +1 chain mail {rF+}
rPois    .         Reflect  .   c - +1 helmet
rElec    .         Harm     .   (no cloak)
rCorr    .         Rampage  .   l - +2 pair of gloves
Will     .....                  (no boots)
Stlth    ..........             (no amulet)
HPRegen  0.19/turn              (no ring)
MPRegen  0.11/turn              (no ring)

@: no status effects
A: no striking features
a: no special abilities


You were on level 5 of the Dungeon.
You visited 2 branches of the dungeon, and saw 6 of its levels.

You collected 269 gold pieces.

Inventory:

Hand Weapons
 a - a +0 long sword (weapon)
 b - a +2 dagger of speed
Armour
 c - a +1 helmet (worn)
 l - a +2 pair of gloves (worn)
 r - a scarf of shadows
 w - a +1 chain mail of fire resistance (worn)
Jewellery
 m - an uncursed ring of fire
Wands
 t - a wand of paralysis (11)
 v - a wand of random effects (11)
Scrolls
 e - 2 scrolls of remove curse {unknown}
 j - 3 scrolls of enchant armour
 k - a scroll of amnesia {unknown}
 p - 2 scrolls of noise {unknown}
 q - a scroll of blinking {unknown}
 x - a scroll of teleportation {unknown}
Potions
 f - 3 potions of degeneration
 g - a potion of flight {unknown}
 h - a potion of might
 i - a potion of brilliance
 n - a potion of haste {unknown}
 s - a potion of berserk rage {unknown}


   Skills:
 + Level 3.6 Fighting
 * Level 5.0 Long Blades
 - Level 1.3(1.8) Slings
 - Level 1.7(2.0) Throwing
 + Level 2.4 Armour
 * Level 3.6 Dodging
 + Level 2.0 Stealth
 + Level 0.8 Spellcasting
 + Level 1.2 Hexes


You had 4 spell levels left.
You knew the following spells:

 Your Spells              Type           Power        Failure   Level
a - Confusing Touch       Hex            1%           100%        3

Your spell library contained the following spells:

 Spells                   Type           Power        Failure   Level
 Gell's Gravitas          Tloc           0%           100%        3
 Petrify                  Tmut/Erth      0%           100%        4
 Metabolic Englaciation   Hex/Ice        0%           100%        5
 Yara's Violent Unravell  Hex/Tmut       0%           100%        5


Dungeon Overview and Level Annotations

Branches:
Dungeon (5/15)             Temple (1/1) D:4

Altars:
Cheibriados
Dithmenos
Elyvilon
Gozag
Hepliaklqana
Kikubaaqudgha
Nemelex Xobeh
Okawaru
Qazlal
Ru
Sif Muna
Trog
Uskayaw
Vehumet
Wu Jian
Xom
Yredelemnul
Zin
The Shining One


Message History

The troll closely misses you.
You hit the troll but do no damage.
The troll is moderately wounded.
The troll bites you!
* * * LOW HITPOINT WARNING * * *
The troll claws you.
* * * LOW HITPOINT WARNING * * *
The troll barely misses you.
Unknown command.
Unknown command.
Okay, then.
The troll bites you but does no damage. The troll claws you.
* * * LOW HITPOINT WARNING * * *
The troll claws you but does no damage.
You see here a throwing net.
It was a potion of degeneration.
There was something very wrong with that liquid.
You feel weakened.
You feel dopey.
You feel clumsy. The troll bites you!
You die...

# #........ #.
#.#....##
#.#..#.#.....#
............#
#......<...##
###.#####..#
#........#
########T# #@#
#.# ... ...##
###.# ..# ...
...


You could see a troll.

Vanquished Creatures
  A scorpion (D:4)
  2 howler monkeys
  A quasit (D:4)
  2 orc wizards (D:4)
  An iguana (D:4)
  2 worker ants (D:4)
  2 adders (D:3)
  4 gnolls (D:3)
  A worm (D:2)
  6 dart slugs
  2 leopard geckos (D:1)
  17 orcs
  9 bats
  7 giant cockroaches
  3 goblins
  5 hobgoblins
  4 jackals (D:2)
  5 kobolds
  2 frilled lizards
  7 rats
83 creatures vanquished.

Notes
Turn   | Place    | Note
-------+----------+-------------------------------------------
     0 | D:1      | Borgoz the Hill Orc Gladiator began the quest for the Orb.
     0 | D:1      | Reached XP level 1. HP: 18/18 MP: 1/1
   365 | D:1      | Reached XP level 2. HP: 25/25 MP: 2/2
   781 | D:1      | Reached skill level 1 in Armour
  1245 | D:2      | Reached XP level 3. HP: 30/30 MP: 3/3
  1471 | D:2      | Found a glowing silver altar of Zin.
  1475 | D:2      | Found a hazy altar of Hepliaklqana.
  1488 | D:2      | Found an ancient bone altar of Kikubaaqudgha.
  2219 | D:3      | Reached XP level 4. HP: 27/37 MP: 4/4
  2231 | D:3      | Reached skill level 1 in Slings
  2799 | D:3      | Reached skill level 4 in Long Blades
  2979 | D:3      | Reached skill level 1 in Stealth
  2979 | D:3      | Reached XP level 5. HP: 44/45 MP: 5/5
  3145 | D:3      | Found a snail-covered altar of Cheibriados.
  3212 | D:3      | Learned a level 3 spell: Confusing Touch
  3730 | D:4      | Found a sacrificial altar of Ru.
  3731 | D:4      | Found a glowing golden altar of the Shining One.
  4087 | D:4      | Reached XP level 6. HP: 49/51 MP: 6/6
  4502 | D:4      | Reached skill level 1 in Hexes
  4629 | D:4      | Found a staircase to the Ecumenical Temple.
  4668 | Temple   | Entered the Ecumenical Temple
  5104 | D:4      | Reached skill level 5 in Long Blades
  5104 | D:4      | Reached XP level 7. HP: 42/58 MP: 8/8
  5250 | D:5      | Entered Level 5 of the Dungeon
  5251 | D:5      | Noticed a troll
  5285 | D:5      | Mangled by a troll

Illustrated notes

Levels and vault maps discovered:
D:1:      evilmike_arrival_hilbert_curve, layout_loops_corners
D:2:      minmay_inner_zag, layout_basic, overflow_temple_1_default,
          general_overflow_altar, nicolae_overflow_crystal_walls,
          guppyfry_early_lair_pool
D:3:      layout_loops_ring, nicolae_overflow_hidden_temple
D:4:      minmay_chambers_of_fours, layout_basic,
          gammafunk_temple_overflow_statue, minmay_temple_entry_statues
D:5:      layout_loops_corners, lightli_temple_of_fire, serial_shops,
          nicolae_shop_statue_plus, serial_co_window_serial,
          co_window_of_opportunity_a, co_window_corner_a, co_window_corner_a,
          co_window_paths_b, co_window_paths_b, co_window_2corner,
          co_window_corner_ca, co_window_corner_b, co_window_broadway_b,
          co_window_corner_b, co_window_broadway_a, co_window_paths_d,
          glass_columns_c, glass_columns_b, glass_columns_a, uniq_edmund
Temple:   nicolae_temple_figure_eight

Skill      XL: |  1  2  3  4  5  6 |
---------------+-------------------+-----
Armour         | 1 2 |  2.4
Slings         | 1 |  1.3
Fighting       | 3 |  3.6
Long Blades    | 4 5 |  5.0
Dodging        | 3 |  3.6
Stealth        | 1 2 |  2.0
Hexes          | 1 |  1.2
Throwing       | |  1.7
Spellcasting   | |  0.8

Action                   |  1- 3 |  4- 6 |  7- 9 || total
-------------------------+-------+-------+-------++-------
Melee: Long sword        |   114 |   177 |    13 ||   304
       Dagger            |       |     1 |     5 ||     6
Throw: Throwing net      |     1 |       |     3 ||     4
Evoke: Wand              |       |       |     1 ||     1
  Use: Scroll            |       |     7 |       ||     7
       Potion            |       |       |     2 ||     2
 Stab: Sleeping          |       |     1 |       ||     1
Armor: Leather armour    |    30 |    13 |       ||    43
       Chain mail        |       |    98 |    19 ||   117
Dodge: Dodged            |    83 |   105 |    16 ||   204
       Rpst.: Long sword |    32 |    29 |       ||    61

Table legend: (Time is in decaauts)
 A = Elapsed time spent in this place.
 B = Non-inter-level travel time spent in this place.
 C = Inter-level travel time spent in this place.
 D = Time resting spent in this place.
 E = Time spent auto-exploring this place.
 F = Levels seen in this place.
 G = Mean time per level.
                   A        B        C        D        E       F      G
               +--------+--------+--------+--------+--------+-----+--------+
         Total |   5339 |   5095 |    244 |   1230 |   3135 |   6 |  889.8 |
       Dungeon |   5150 |   4915 |    235 |   1230 |   2955 |   5 | 1030.0 |
        Temple |    189 |    180 |      9 |      0 |    180 |   1 |  189.0 |
               +--------+--------+--------+--------+--------+-----+--------+

Top non-repeatable levels by time:
     D:4: 1587 daAuts
     D:3: 1342 daAuts
     D:1: 1216 daAuts
     D:2: 970 daAuts
  Temple: 189 daAuts
     D:5: 33 daAuts
